 Dungeon Crawl Stone Soup version 0.31-a0-925-g0a390f2509 (webtiles) character file.

Game seed: 2208832354143030729

3 omnomnOMINOUS the Digger (level 1, 0/13 HPs)
             Began as an Octopode Wanderer on Oct 18, 2023.
             Slain by a quokka (3 damage)
             ... on level 1 of the Dungeon.
             The game lasted 00:01:39 (57 turns).

omnomnOMINOUS the Digger (Octopode Wanderer)          Turns: 57, Time: 00:01:40

Health: 0/13       AC:  1    Str:  8    XL:     1   Next: 50%
Magic:  0/2        EV: 12    Int: 18    God:
Gold:   16         SH:  0    Dex: 10    Spells: 1/2 levels left

rFire   . . .        a - +0 dagger
rCold   . . .        (no shield)
rNeg    . . .        (helmet restricted)
rPois   .            (no amulet)
rElec   .            (no ring)
rCorr   .            (no ring)
SInv    .            (no ring)
Will    .....        (no ring)
Stlth   ++           (no ring)
HPRegen 0.22/turn    (no ring)
MPRegen 0.08/turn    (no ring)
                     (no ring)

%: no passive effects
@: no status effects
A: almost no armour, amphibious, 8 rings, camouflage 1, gelatinous body 1,
(nimble swimmer 1), tentacles
a: no special abilities


You were on level 1 of the Dungeon.
You visited 1 branch of the dungeon, and saw 1 of its levels.

You collected 16 gold pieces.

Inventory:

Hand Weapons
 a - a +0 dagger (weapon)
Potions
 b - 2 potions of lignification


   Skills:
 + Level 1.1 Fighting
 + Level 1.1 Dodging
 + Level 1.1 Spellcasting
 - Level 3.0 Hexes
 + Level 3.0 Earth Magic
 - Level 1.1 Evocations


You had one spell level left.
You knew the following spells:

 Your Spells              Type           Power      Damage    Failure   Level
a - Sandblast             Erth           24%        2d8       5%          1

Your spell library contained the following spells:

 Spells                   Type           Power      Damage    Failure   Level
 Jinxbite                 Hex            22%        N/A       9%          2
 Ensorcelled Hibernation  Hex/Ice        12%        N/A       16%         2
 Passwall                 Tmut/Erth      5%         N/A       16%         2
 Petrify                  Tmut/Erth      6%         N/A       71%         4


Dungeon Overview and Level Annotations

Branches:
Dungeon (1/15)

Altars:


Innate Abilities, Weirdness & Mutations

You cannot wear most types of armour.
You are amphibious.
You can wear up to eight rings at the same time.
Your skin changes colour to match your surroundings (Stealth+).
Your rubbery body absorbs attacks. (AC +1, EV +1)
((You are camouflaged when in or above water. (Stealth+)))
You have tentacles for arms and can constrict up to eight enemies at once.


Message History

The bat barely misses you.
The bat struggles to escape constriction.
You hit the bat but do no damage. You squeeze the bat.
You kill the bat!
You completely miss the kobold. Your grab misses the kobold.
The kobold barely misses you.
You hit the kobold. Your grab misses the kobold.
The kobold is moderately wounded.
The kobold hits you with a +0 club.
You closely miss the kobold. Your grab misses the kobold.
The kobold is moderately wounded.
The kobold barely misses you.
You hit the kobold but do no damage. You grab the kobold.
The kobold is moderately wounded.
You constrict the kobold, but do no damage.
The kobold barely misses you.
Casting: Sandblast (safe; 6% risk of failure)
Confirm with . or Enter, or press ? or * to list all spells.
Aiming: Sandblast (safe; 6% risk of failure)
Press: ? - help, Shift-Dir - straight line, f - kobold
Aim: a kobold, wielding a +0 club (moderately wounded, constricted by you, 98% to hit)
The blast of sand hits the kobold.
You kill the kobold!
You closely miss the kobold. Your grab misses the kobold.
The kobold hits you with a +0 club.
You hit the kobold but do no damage. You grab the kobold.
You constrict the kobold. The kobold hits you with a +0 club.
Casting: Sandblast (safe; 6% risk of failure)
Confirm with . or Enter, or press ? or * to list all spells.
Aiming: Sandblast (safe; 6% risk of failure)
Press: ? - help, Shift-Dir - straight line, f - kobold
Aim: a kobold, wielding a +0 club (moderately wounded, constricted by you, 98% to hit)
The blast of sand hits the kobold!
You kill the kobold!
The quokka bites you.
* * * LOW HITPOINT WARNING * * *
You hit the quokka. Your grab misses the quokka.
The quokka is moderately wounded.
The quokka bites you.
You die...

#.......#
......r ##
#.....
...##.... ....
##......# ....#
........#......
.#.#....#.....#
......#r#.....#
.#.#..#@#...!.#
..... #.#.....#
.#.#. #.#......
.... #.#####.#
.#.# #.....#
#####.# #.####
#.#..## #.....#


You could see a quokka.

Vanquished Creatures
  A bat (D:1)
  2 kobolds (D:1)
3 creatures vanquished.

Notes
Turn   | Place    | Note
-------+----------+-------------------------------------------
     0 | D:1      | omnomnOMINOUS the Octopode Wanderer began the quest for the
                  | Orb.
     0 | D:1      | omnomnOMINOUS set off with the following items: a +0
                  | dagger, 2 potions of lignification; and the following spell
                  | memorised: Sandblast; and the following spells available to
                  | memorise: Jinxbite, Ensorcelled Hibernation, Passwall,
                  | Petrify.
     0 | D:1      | Reached XP level 1. HP: 13/13 MP: 2/2
    57 | D:1      | Slain by a quokka

Illustrated notes

Levels and vault maps discovered:
D:1:      elethiomel_arrival_infinity_welcomes_careful_drivers, layout_rooms,
          serial_co_window_serial, co_window_paths_a, co_window_corner_a,
          co_window_paths_a, co_window_corner_a, co_window_paths_a,
          co_window_corner_ca, co_window_cross_3, co_window_broadway_b,
          co_window_paths_c, co_window_broadway_c, co_window_4corner_a,
          co_window_4corner_b, glass_columns_a, glass_columns_b,
          glass_columns_a, glass_columns_c, glass_columns_a

Action                     || total
---------------------------++-------
  Melee: Dagger            ||     9
         Constrict         ||     3
         Tentacles         ||     1
   Cast: Sandblast         ||     3
 Armour: Skin              ||     6
  Dodge: Dodged            ||     8

Table legend: (Time is in decaauts)
 A = Elapsed time spent in this place.
 B = Non-inter-level travel time spent in this place.
 C = Inter-level travel time spent in this place.
 D = Time resting spent in this place.
 E = Time spent auto-exploring this place.
 F = Levels seen in this place.
 G = Mean time per level.
                   A        B        C        D        E       F      G
               +--------+--------+--------+--------+--------+-----+--------+
         Total |     58 |     58 |      0 |      0 |     28 |   1 |   58.0 |
       Dungeon |     58 |     58 |      0 |      0 |     28 |   1 |   58.0 |
               +--------+--------+--------+--------+--------+-----+--------+

Top non-repeatable levels by time:
     D:1: 58 daAuts
